 Dungeon Crawl Stone Soup version 0.23.2 (webtiles) character file.

Game seed: 15180845547360764241

667 BaronBaron the Chopper (level 7, -3/61 HPs)
             Began as a Hill Orc Fighter on Apr 3, 2019.
             Was a Follower of Elyvilon.
             Slain by Duvessa
             ... wielding a +1 short sword of speed
              (8 damage)
             ... on level 4 of the Dungeon.
             The game lasted 00:25:50 (3863 turns).

BaronBaron the Chopper (Hill Orc Fighter)           Turns: 3863, Time: 00:25:51

Health: -3/61      AC:  9    Str: 21    XL:     7   Next: 57%
Magic:  16/16      EV:  7    Int:  8    God:    Elyvilon [*.....]
Gold:   203        SH: 10    Dex: 10    Spells: 6/6 levels left

rFire    . . .     SeeInvis .   a - +1 war axe
rCold    . . .     Gourm    .   c - +0 shield
rNeg     . . .     Faith    .   m - +0 chain mail
rPois    .         Spirit   .   (no helmet)
rElec    .         Reflect  .   j - scarf {repulsion}
rCorr    .         Harm     .   (no gloves)
MR       .....                  (no boots)
Stlth    ..........             (no amulet)
HPRegen  0.20/turn              k - ring of magical power
MPRegen  0.15/turn              n - +1 ring of evasion

@: repel missiles
A: no striking features
a: Lesser Healing, Divine Protection, Renounce Religion


You were on level 4 of the Dungeon.
You worshipped Elyvilon.
Elyvilon was aware of your devotion.
You were not hungry.

You visited 1 branch of the dungeon, and saw 5 of its levels.

You collected 203 gold pieces.

Inventory:

Hand Weapons
 a - a +1 war axe (weapon)
 g - a +4 short sword
 l - a +0 battleaxe
 q - a +0 giant spiked club
Armour
 b - a +0 scale mail
 c - a +0 shield (worn)
 j - a scarf of repulsion (worn)
 m - a +0 chain mail (worn)
Jewellery
 e - an uncursed ring of teleportation
 k - a ring of magical power (left hand)
 n - a +1 ring of evasion (right hand)
 p - an uncursed ring of resist corrosion
Wands
 i - a wand of iceblast (13)
 r - a wand of enslavement (11)
Scrolls
 h - 3 scrolls of remove curse
 o - 2 scrolls of teleportation
Potions
 d - 2 potions of might
Comestibles
 f - 2 rations


   Skills:
 + Level 5.0 Fighting
 + Level 6.7 Axes
 + Level 5.0 Armour
 + Level 1.5 Dodging
 + Level 0.1 Stealth
 + Level 5.4 Shields


You had 6 spell levels left.
You didn't know any spells.
Your spell library was empty.

Dungeon Overview and Level Annotations

Branches:
Dungeon (5/15)
 Temple: D:4-7

Altars:
Elyvilon
The Shining One

Annotations:
D:4 Duvessa


Message History

You hit Duvessa. Duvessa hits you but does no damage.
You block Duvessa's attack.
Duvessa hits you with a +1 short sword of speed.
* * * LOW HITPOINT WARNING * * *
You closely miss Duvessa.
Duvessa is lightly wounded.
You block Duvessa's attack. Duvessa barely misses you.
You slash Duvessa!
Duvessa is moderately wounded.
Duvessa hits you with a +1 short sword of speed.
* * * LOW HITPOINT WARNING * * *
Duvessa hits you but does no damage.
You slash Duvessa!
Duvessa is heavily wounded.
You block Duvessa's attack. Duvessa hits you but does no damage.
You slash Duvessa!
Duvessa is severely wounded.
You block Duvessa's attack.
Duvessa hits you with a +1 short sword of speed!
You die...

##.#. #####.... ........)
......?.. #############
.......#. ......... ..#
.......#. ........###.#
.......#.
............#########.###
.......e@...........#....
##......)...#######.#####
#..........# #.# #
#.......[..# #.#####
#..........# #.#....
#..........# #.#.###
#..........# ###.#.# #
#..........# ###.....# #
#.....#####


You could see Duvessa (berserk).

Vanquished Creatures
  The ghost of dvd the Charmwright, an amateur DsSk of Fedhas (D:3)
  Purgy (D:5)
  An ogre (D:4)
  Blork the orc (D:4)
  Dowan (D:4)
  An orc priest (D:3)
  Jessica (D:2)
  Ijyb (D:3)
  A hound skeleton (D:4)
  7 adders
  2 worms
  2 dart slugs
  3 leopard geckos
  2 orcs
  6 giant cockroaches
  9 goblins
  7 hobgoblins
  6 jackals
  9 kobolds
  2 quokkas
  11 bats
  4 frilled lizards
  A quokka skeleton (D:4)
  10 rats
90 creatures vanquished.

Notes
Turn   | Place    | Note
-------+----------+-------------------------------------------
     0 | D:1      | BaronBaron the Hill Orc Fighter began the quest for the
                  | Orb.
     0 | D:1      | Reached XP level 1. HP: 19/19 MP: 1/1
    90 | D:1      | Reached skill level 3 in Axes
    90 | D:1      | Reached XP level 2. HP: 26/27 MP: 2/2
   209 | D:1      | Reached XP level 3. HP: 31/33 MP: 3/3
   875 | D:2      | Found a glowing golden altar of the Shining One.
  1115 | D:2      | Reached skill level 4 in Axes
  1257 | D:2      | Noticed Jessica
  1266 | D:2      | Killed Jessica
  1266 | D:2      | Reached XP level 4. HP: 33/40 MP: 4/4
  1285 | D:2      | Became a worshipper of the Shining One
  1723 | D:2      | Found a white marble altar of Elyvilon.
  1737 | D:2      | Fell from the grace of the Shining One
  1737 | D:2      | Became a worshipper of Elyvilon the Healer
  1874 | D:3      | Reached XP level 5. HP: 44/46 MP: 5/5
  2326 | D:3      | Found a transporter.
  2327 | D:3      | Noticed dvd's ghost (amateur DsSk)
  2393 | D:3      | Found a transporter.
  2563 | D:3      | Reached * piety under Elyvilon
  2796 | D:3      | Noticed Ijyb
  2825 | D:3      | Killed Ijyb
  2825 | D:3      | Reached skill level 5 in Axes
  2825 | D:3      | Reached skill level 1 in Dodging
  3333 | D:3      | Reached XP level 6. HP: 46/53 MP: 6/6
  3338 | D:3      | Killed dvd's ghost
  3495 | D:4      | Reached skill level 6 in Axes
  3495 | D:4      | Reached skill level 5 in Shields
  3495 | D:4      | Reached XP level 7. HP: 20/60 MP: 7/7
  3654 | D:4      | Noticed Blork the orc
  3663 | D:4      | Killed Blork the orc
  3709 | D:4      | Noticed Purgy
  3752 | D:5      | Entered Level 5 of the Dungeon
  3764 | D:5      | HP: 2/60 [Purgy (3)]
  3766 | D:5      | Killed Purgy
  3849 | D:4      | Noticed Duvessa
  3849 | D:4      | Noticed Dowan
  3859 | D:4      | Killed Dowan
  3859 | D:4      | Reached skill level 5 in Fighting
  3859 | D:4      | Reached skill level 5 in Armour
  3863 | D:4      | Slain by Duvessa

Skill      XL: |  1  2  3  4  5  6  7 |
---------------+----------------------+-----
Axes           | 3 4 5 6 |  6.7
Shields        | 4 5 |  5.4
Fighting       | 4 5 |  5.0
Armour         | 4 5 |  5.0
Dodging        | 1 |  1.5
Stealth        | |  0.1

Action                   |  1- 3 |  4- 6 |  7- 9 || total
-------------------------+-------+-------+-------++-------
Melee: War axe           |    80 |   199 |    51 ||   330
  Use: Scroll            |     3 |       |     2 ||     5
       Potion            |       |     2 |       ||     2
  Eat: Ration            |     2 |     1 |     1 ||     4
Armor: Scale mail        |    90 |   190 |       ||   280
       Chain mail        |       |    15 |    63 ||    78
Dodge: Dodged            |    49 |   111 |    33 ||   193
       Deflected         |       |     2 |       ||     2
Block: Shield            |   104 |   220 |    58 ||   382
